Map: [ESL] Site Delta

Players

Future

  • Race: Terran Terran
  • Spawn Location: 11:00

Kelazhur - Winner!

  • Race: Terran Terran
  • Spawn Location: 5:00

Event: ESL SC2 Masters 2024 Spring (Regional)

VOD

Have the link to the VOD?

Description

Time

  • Played on: April 14, 2024, 2:20 p.m.
  • Length: 11:50

All games in this series

Show
View Real Time Build Order
Export as new Build Order

Future Terran 

Build Orders:  

Get SALT Encoding   

  12  0:00  SCV  
  13  0:12  SCV  
  14  0:17  Supply Depot  
  14  0:24  SCV  
  15  0:38  SCV  
  15  0:40  Barracks  
  16  0:43  Refinery  
  16  0:50  SCV  
  17  1:03  SCV  
  18  1:04  Barracks  
  18  1:15  SCV  
  19  1:27  Orbital Command, Reaper  
  20  1:37  Supply Depot  
  20  1:41  Barracks  
  20  1:48  Refinery  
  20  1:51  Reaper  
  21  1:54  SCV  
  22  2:03  Reaper  
  22  2:07  SCV  
  24  2:18  Supply Depot  
  24  2:19  SCV  
  25  2:23  Reaper  
  26  2:30  Reaper  
  26  2:31  SCV  
  28  2:38  Reaper  
  29  2:52  Command Center  
  29  2:56  Barracks Reactor  
  29  3:02  SCV  
  29  3:04  Barracks Tech Lab  
  30  3:11  Barracks Reactor  
  30  3:14  SCV  
  31  3:23  Supply Depot  
  31  3:25  Marine  
  31  3:26  SCV  
  33  3:27  Stimpack  
  33  3:33  Marine x2  
  35  3:38  SCV  
  32  3:45  Factory  
  32  3:50  SCV  
  32  3:51  Marine  
  32  3:52  Marine x4  
  39  4:02  SCV  
  39  4:05  Orbital Command  
  39  4:11  Marine x2  
  39  4:12  Marine x2  
  39  4:14  Marine  
  39  4:15  SCV  
  45  4:27  SCV  
  45  4:28  Factory Reactor  
  45  4:29  Starport  
  45  4:31  SCV  
  47  4:32  Marine  
  47  4:33  Marine x2  
  47  4:34  Marine  
  47  4:36  Marine  
  52  4:39  SCV  
  52  4:43  SCV, Supply Depot  
  54  4:51  SCV  
  55  4:53  Marine x4  
  55  4:54  Marine  
  55  4:55  SCV  
  61  5:03  SCV  
  61  5:05  Supply Depot  
  62  5:07  SCV, Combat Shield  
  62  5:10  Marine  
  62  5:12  Factory Tech Lab  
  62  5:13  Medivac x2  
  68  5:18  SCV, Supply Depot  
  68  5:19  SCV  
  70  5:26  Marine x4  
  58  5:37  SCV, Marine  
  58  5:42  SCV  
  59  5:44  Marine x3  
  59  5:46  Marine  
  59  5:49  SCV, Medivac  
  66  5:51  Medivac  
  66  5:57  SCV  
  66  5:58  Marine  
  66  6:02  Marine  
  66  6:04  SCV  
  66  6:07  Marine x2  
  66  6:08  Marine  
  66  6:09  SCV  
  70  6:15  Siege Tank  
  70  6:16  Marine  
  74  6:20  Marine  
  74  6:25  Marine x2  
  65  6:26  SCV, Marine  
  65  6:27  SCV  
  65  6:34  Marine  
  65  6:37  Marine  
  65  6:39  SCV x2  
  69  6:43  Marine x2  
  69  6:44  Marine  
  72  6:47  Siege Tank  
  72  6:50  Supply Depot  
  72  6:51  SCV x2, Supply Depot  
  72  6:53  Marine  
  78  6:56  Marine  
  78  6:59  Viking x2  
  83  7:03  SCV x2  
  84  7:13  Marine x4  
  79  7:16  SCV x2  
  79  7:19  Siege Tank  
  79  7:22  Marine  
  85  7:29  Refinery, Command Center  
  85  7:30  Marine  
  85  7:32  Refinery  
  85  7:34  Marine x2  
  88  7:43  SCV x2  
  90  7:44  Engineering Bay  
  90  7:46  Engineering Bay, Marine  
  90  7:47  Marine  
  91  7:54  Marine  
  92  8:02  Marine  
  93  8:06  Siege Tank  
  93  8:07  SCV x2  
  93  8:08  Viking x2  
  96  8:14  Marine  
  96  8:16  Marine  
  96  8:19  SCV x2, Barracks  
  100  8:20  Barracks  
  100  8:31  SCV  
  100  8:32  SCV  
  102  8:38  Terran Infantry Weapons Level 1  
  102  8:40  Siege Tank, Terran Infantry Armor Level 1  
  105  8:43  SCV  
  105  8:44  SCV, Orbital Command  
  107  8:53  Factory  
  107  8:55  SCV  
  107  8:56  SCV  
  107  8:58  Barracks Reactor  
  107  9:00  Command Center  
  109  9:07  Barracks Reactor x2  
  109  9:08  SCV x2  
  111  9:14  SCV  
  112  9:20  Armory  
  112  9:21  Siege Tank  
  112  9:22  Missile Turret  
  115  9:25  Supply Depot, Missile Turret  
  115  9:27  Supply Depot  
  115  9:30  SCV x2  
  115  9:31  SCV  
  118  9:33  Refinery  
  118  9:36  Sensor Tower  
  118  9:39  Refinery  
  118  9:42  Siege Tank  
  118  9:43  Missile Turret  
  118  9:44  Viking  
  123  9:46  Viking  
  125  9:54  Supply Depot x2  
  125  9:59  Siege Tank  
  128  10:04  SCV x3  
  128  10:05  Marine x3  
  128  10:06  Marine x2  
  135  10:07  Marine x2  
  137  10:18  Sensor Tower  
  136  10:22  SCV x2  
  136  10:23  SCV  
  136  10:24  Siege Tank  
  142  10:34  SCV x2, Sensor Tower  
  142  10:36  Siege Tank  
  142  10:37  Liberator  
  142  10:41  SCV  
  147  10:49  SCV  
  148  10:51  Refinery  
  148  10:55  Refinery  
  148  11:00  SCV x2  
  149  11:05  SCV x2  
  149  11:06  Command Center  
  149  11:11  Siege Tank  
  154  11:12  Siege Tank  
  154  11:14  Supply Depot  
  154  11:16  Supply Depot  
  154  11:17  Viking  
  159  11:24  Command Center  
Show
View Real Time Build Order
Export as new Build Order

Kelazhur Terran - Winner!

Build Orders: Cyclone Opening 

Get SALT Encoding   

  12  0:00  SCV  
  13  0:12  SCV  
  14  0:17  Supply Depot  
  14  0:24  SCV  
  15  0:38  SCV  
  15  0:40  Barracks  
  15  0:42  Refinery  
  16  0:50  SCV  
  16  0:52  Refinery  
  17  1:03  SCV  
  18  1:15  SCV  
  19  1:27  Orbital Command, Reaper  
  19  1:28  Supply Depot  
  20  1:40  Factory  
  20  1:55  SCV  
  20  2:00  Reaper  
  22  2:07  SCV  
  23  2:16  Command Center  
  23  2:19  SCV  
  24  2:25  Cyclone  
  26  2:32  Barracks Reactor  
  26  2:36  Supply Depot  
  26  2:37  SCV  
  27  2:50  SCV  
  28  2:51  Starport  
  28  3:02  SCV  
  28  3:03  Cyclone  
  30  3:08  Marine  
  30  3:09  Marine  
  32  3:14  SCV  
  33  3:26  SCV, Refinery  
  34  3:27  Marine  
  34  3:28  Marine, Orbital Command  
  34  3:31  Starport Tech Lab  
  36  3:38  SCV  
  37  3:44  Factory Tech Lab  
  37  3:45  Marine  
  37  3:46  Marine  
  39  3:50  SCV  
  39  3:53  SCV  
  40  4:00  Raven  
  40  4:02  SCV  
  43  4:03  Marine  
  43  4:04  Siege Tank, Marine  
  43  4:07  Supply Depot  
  43  4:08  SCV  
  49  4:14  SCV, Interference Matrix  
  50  4:20  SCV  
  50  4:21  Marine  
  50  4:22  Supply Depot, Marine  
  53  4:28  SCV  
  54  4:32  SCV  
  54  4:34  Raven  
  57  4:38  Marine  
  57  4:39  Marine  
  57  4:40  SCV  
  57  4:44  SCV, Siege Tank  
  64  4:45  Supply Depot  
  64  4:52  SCV  
  65  4:56  SCV, Marine  
  65  4:57  Marine  
  67  5:04  SCV  
  68  5:08  Command Center  
  68  5:09  Raven  
  68  5:10  SCV  
  71  5:14  Marine  
  71  5:15  Marine  
  71  5:16  SCV  
  74  5:21  Siege Tank  
  74  5:22  SCV  
  78  5:30  SCV  
  78  5:34  SCV  
  69  5:36  Marine  
  69  5:39  Marine  
  68  5:43  SCV  
  68  5:44  Raven  
  68  5:49  SCV  
  72  5:51  Barracks  
  72  5:52  Barracks  
  72  5:54  Marine  
  72  5:55  SCV  
  72  5:57  Siege Tank, Marine  
  72  6:02  SCV  
  76  6:07  SCV  
  77  6:16  Marine  
  78  6:19  Barracks  
  78  6:20  Barracks  
  78  6:24  SCV, Marine  
  76  6:27  SCV  
  76  6:30  Siege Tank  
  76  6:32  Refinery  
  74  6:33  Orbital Command  
  74  6:36  SCV  
  75  6:40  Marine  
  75  6:44  Barracks Reactor  
  76  6:48  SCV  
  76  6:49  Starport Reactor, Engineering Bay x2  
  76  6:50  SCV, Marine  
  76  6:51  Stimpack  
  76  6:52  Marine  
  80  6:59  SCV  
  80  7:00  SCV  
  82  7:03  Siege Tank  
  85  7:12  SCV  
  85  7:14  Barracks Reactor x2  
  86  7:15  Terran Infantry Weapons Level 1  
  86  7:16  Marine x3  
  86  7:19  Orbital Command  
  86  7:20  Terran Infantry Armor Level 1  
  86  7:21  Missile Turret, Marine x2  
  86  7:22  SCV  
  93  7:25  SCV, Missile Turret  
  93  7:30  Missile Turret  
  93  7:33  Supply Depot, Missile Turret  
  93  7:35  Supply Depot, Missile Turret  
  93  7:37  Siege Tank  
  93  7:43  Medivac, Marine x3  
  101  7:54  Marine  
  101  7:55  SCV x3  
  105  8:04  Marine  
  105  8:05  Marine x3  
  100  8:06  Marine x2  
  100  8:07  SCV  
  100  8:12  SCV, Sensor Tower, Refinery  
  105  8:13  Refinery  
  105  8:15  SCV  
  105  8:19  SCV, Marine x3  
  110  8:20  Siege Tank  
  110  8:24  SCV  
  110  8:27  Supply Depot x2  
  114  8:28  SCV, Supply Depot  
  114  8:29  Armory  
  114  8:31  SCV, Combat Shield  
  116  8:36  SCV  
  117  8:48  SCV x2, Marine x9  
  118  8:52  Medivac  
  118  8:53  Medivac  
  118  8:54  Siege Tank  
  135  9:04  Supply Depot  
  135  9:06  Marine x3  
  138  9:10  Command Center  
  138  9:15  Supply Depot  
  137  9:17  Supply Depot  
  137  9:20  Marine x4  
  141  9:26  Medivac, Siege Tank, Marine x3  
  149  9:33  Terran Infantry Weapons Level 2  
  149  9:34  Terran Infantry Armor Level 2  
  149  9:36  Missile Turret  
  149  9:37  Terran Vehicle Weapons Level 1, Marine x2  
  151  9:39  Marine  
  151  9:43  Supply Depot, Marine  
  153  9:47  Marine x2  
  153  9:48  Marine  
  153  9:49  SCV x2  
  153  9:50  SCV  
  159  9:57  Marine x4  
  164  10:01  Marine  
  164  10:05  Marine x3  
  168  10:11  Siege Tank  
  170  10:15  Marine x2  
  170  10:16  Factory  
  170  10:19  Missile Turret  
  170  10:20  Barracks Reactor  
  172  10:22  Medivac x2  
  172  10:24  Missile Turret  
  174  10:43  Sensor Tower  
  174  10:44  Siege Tank, Marine  
  174  10:45  Marine x7  
  174  10:46  Sensor Tower  
  174  10:49  Supply Depot  
  183  10:54  Medivac x2  
  187  10:59  Planetary Fortress  
  187  11:01  Refinery x2  
  187  11:02  Marine  
  188  11:10  Marine x3  
  188  11:11  Siege Tank  
  193  11:14  Marine  
  193  11:15  Supply Depot, Marine x2  
  196  11:21  Command Center  
Tags
 
Add a new tag
Caveats
  • Supply blocks, unpowered buildings, or Contaminate may cause inaccurate times.
  • Supply counts are checked every 10 seconds.